 Dungeon Crawl Stone Soup version 0.22-a0-608-g8a62e23 (webtiles) character file.

165 robertstho the Covered (level 5, 0/33 HPs)
             Began as a Gargoyle Fighter on July 9, 2018.
             Killed by nerve-wracking pain
             ... invoked by an orc priest
              (5 damage)
             ... on level 3 of the Dungeon.
             The game lasted 00:03:28 (1777 turns).

robertstho the Covered (Gargoyle Fighter)           Turns: 1777, Time: 00:03:29

Health: 0/33       AC: 18    Str: 19    XL:     5   Next: 46%
Magic:  5/5        EV:  3    Int:  9    God:
Gold:   168        SH: 14    Dex: 13    Spells: 4/4 levels left

rFire    . . .     SeeInvis .   a - +0 flail
rCold    . . .     Gourm    .   p - +0 large shield (curse)
rNeg     + . .     Faith    .   h - +0 chain mail
rPois    ∞         Spirit   .   c - +0 helmet
rElec    +         Reflect  .   o - +2 cloak
rCorr    .         Harm     .   (no gloves)
MR       .....                  (no boots)
Stlth    ..........             (no amulet)
HPRegen  0.11/turn              e - +3 ring of dexterity
MPRegen  0.09/turn              (no ring)

@: no status effects
A: negative energy resistance 1, electricity resistance, unbreathing,
petrification resistance, rot immunity, AC +4
a: no special abilities


You were on level 3 of the Dungeon.
You were hungry.

You visited 1 branch of the dungeon, and saw 3 of its levels.

You collected 168 gold pieces.

Inventory:

Hand Weapons
 a - a +0 flail (weapon)
Missiles
 m - 24 bolts
Armour
 c - a +0 helmet (worn)
 h - a +0 chain mail (worn)
 o - a +2 cloak (worn)
 p - a cursed +0 large shield (worn)
Jewellery
 e - a +3 ring of dexterity (left hand)
 q - an uncursed ring of poison resistance {unknown}
Scrolls
 g - a scroll of amnesia {unknown}
 i - a scroll of blinking {unknown}
 k - 2 scrolls of remove curse {unknown}
Potions
 d - 2 potions of might
 j - a potion of agility {unknown}
 l - a potion of lignification {unknown}
 n - a potion of mutation {unknown}
Comestibles
 b - 5 chunks of flesh
 f - 6 rations


   Skills:
 + Level 3.6 Fighting
 * Level 3.7 Maces & Flails
 * Level 4.7 Armour
 + Level 0.1 Dodging
 + Level 3.9 Shields


You had 4 spell levels left.
You didn't know any spells.
Your spell library was empty.

Dungeon Overview and Level Annotations

Branches:
Dungeon (3/15)

Altars:
Kikubaaqudgha


Innate Abilities, Weirdness & Mutations

You are resistant to torment.
Your stone body is resilient. (AC +4)
You are immune to poison.
You resist negative energy. (rN+)
You are resistant to electric shocks. (rElec)
You can survive without breathing.
You are immune to petrification.
You are immune to rotting.


Message History

The orc priest is moderately wounded.
The orc priest hits you but does no damage.
You block the orc priest's attack.
You hit the orc priest.
The orc priest is heavily wounded.
You block the orc priest's attack.
You hit the orc priest.
The orc priest is severely wounded.
The orc priest invokes the aid of Beogh against you.
You barely resist. You closely miss the orc priest.
The orc priest is severely wounded.
An orc wizard appears from thin air!
Reactivating autopickup.
The orc priest mumbles some strange prayers to Beogh against you.
Beogh smites you!
* * * LOW HITPOINT WARNING * * *
The orc priest calls down the wrath of Beogh upon you.
Pain shoots through your body!
You die...

...........<. ...........
#+#.)....... #..........$
##..######## #w.# #.)# ##.o#####
#..oo@..# ######### #.#w###.#
#......)# #.#># #.#############
#.......# ##.### #.............#
#.......###...##
#############.##
#.......##†....## #...
..<.....#.......### ####
#.....†....._.....##############
#.......#..[....#..............#


You could see a worm, an orc priest, an orc wizard and an orc.

Vanquished Creatures
  A hound (D:3)
  Robin (D:2)
  6 adders
  A worm (D:2)
  2 dart slugs
  3 leopard geckos
  2 orcs (D:3)
  7 bats
  A giant cockroach (D:1)
  13 goblins
  7 hobgoblins
  A quokka (D:3)
  3 frilled lizards (D:2)
  3 kobolds
  6 rats
57 creatures vanquished.

Notes
Turn   | Place    | Note
-------+----------+-------------------------------------------
     0 | D:1      | robertstho the Gargoyle Fighter began the quest for the Orb.
     0 | D:1      | Reached XP level 1. HP: 14/14 MP: 1/1
   293 | D:1      | Reached XP level 2. HP: 14/19 MP: 2/2
   770 | D:2      | Reached XP level 3. HP: 23/23 MP: 3/3
   771 | D:2      | Reached skill level 4 in Armour
   875 | D:2      | Noticed Robin
   914 | D:2      | Killed Robin
   914 | D:2      | Reached XP level 4. HP: 16/28 MP: 4/4
  1568 | D:2      | Reached XP level 5. HP: 32/32 MP: 5/5
  1626 | D:3      | Found an ancient bone altar of Kikubaaqudgha.
  1777 | D:3      | Killed from afar by an orc priest

Vault maps used:
D:1:      lemuel_arrival_tunnels
D:2:      first_ration, uniq_robin
D:3:      lemuel_round_altar

Skill      XL: |  1  2  3  4 |
---------------+-------------+-----
Armour         | 4 |  4.7
Maces & Flails | 3 |  3.7
Fighting       | |  3.6
Dodging        | |  0.1
Shields        | |  3.9

Action                   |  1- 3 |  4- 6 || total
-------------------------+-------+-------++-------
Melee: Flail             |   112 |   155 ||   267
  Eat: Chunk             |       |     3 ||     3
Armor: Chain mail        |    55 |    79 ||   134
Dodge: Dodged            |    15 |    17 ||    32
Block: Shield            |    52 |       ||    52
       Large shield      |    22 |   138 ||   160

Table legend:
 A = Spawn XP
 B = Non-spawn XP
 C = Spawn XP percentage of total XP
 D = Spawn monster count
 E = Non-spawn monster count
 F = Spawn count percentage of total count
 G = Total turns spent on level
                    A         B        C        D         E        F      G
               +---------+---------+-------+---------+---------+-------+---------
         Total |       0 |     236 |   0.0 |       0 |      57 |   0.0 |  1777
               +---------+---------+-------+---------+---------+-------+---------
           D:1 |       0 |      31 |   0.0 |       0 |      15 |   0.0 |   742
           D:2 |       0 |     134 |   0.0 |       0 |      33 |   0.0 |   866
           D:3 |       0 |      71 |   0.0 |       0 |       9 |   0.0 |   169
               +---------+---------+-------+---------+---------+-------+---------
